 Dungeon Crawl Stone Soup version 0.31-a0-960-g0fca184906 (webtiles) character file.

Game seed: 3028910528453038939

485 Azuregosa the Changeling (level 6, -1/26 HPs)
             Began as a Felid Shapeshifter on Oct 23, 2023.
             Shot with an arrow by a centaur (6 damage)
             ... on level 5 of the Dungeon.
             The game lasted 00:14:34 (3719 turns).

Azuregosa the Changeling (Felid Shapeshifter)       Turns: 3719, Time: 00:14:35

Health: -1/26      AC:  2    Str: 10    XL:     6   Next: 88%
Magic:  11/11      EV: 18    Int: 12    God:
Gold:   237        SH:  0    Dex: 17    Spells: 7/11 levels left
                                        Lives:  0   Deaths: 2

rFire   . .          .
                       - Unarmed
rCold   . . .        (shield unavailable)
rNeg    . . .        (body armour unavailable)
rPois   .            (helmet unavailable)
rElec   .            (cloak unavailable)
rCorr   .            (gloves unavailable)
SInv    +            (boots unavailable)
Will    .....        (no amulet)
Stlth   ++           (no ring)
HPRegen 0.24/turn    (no ring)
MPRegen 0.12/turn

%: no passive effects
@: beast-form, quick
A: beast (slay +2), very small, claws 1, fangs 3, see invisible, speed 1, shaggy
fur 2, stealthy paws, no weapons or thrown items, no armour, multi-lived
a: Begin Untransformation


You were on level 5 of the Dungeon.
You were a hulking beast.
You visited 1 branch of the dungeon, and saw 5 of its levels.

You collected 303 gold pieces.
You spent 66 gold pieces at shops.

Inventory:

Missiles
 g - 5 boomerangs
 n - 4 poisoned darts
Jewellery
 t - a ring of ice
 v - a +4 ring of protection
Talismans
 b - a beast talisman
 c - a flux talisman
 m - a flux talisman
 o - a granite talisman
 p - a beast talisman
Wands
 u - a wand of polymorph (13)
Scrolls
 d - a scroll of fear {unknown}
 f - 2 scrolls of poison {unknown}
 i - 3 scrolls of identify
 k - 3 scrolls of noise
 l - 3 scrolls of silence {unknown}
 w - a scroll of immolation {unknown}
 x - a scroll of enchant armour {unknown}
 y - a scroll of teleportation {unknown}
 z - a scroll of enchant weapon {unknown}
 B - a scroll of vulnerability {unknown}
Potions
 a - 2 potions of lignification
 e - 2 potions of brilliance {unknown}
 h - a potion of heal wounds {unknown}
 j - a potion of enlightenment {unknown}
 q - a potion of degeneration {unknown}
 r - a potion of might {unknown}
 s - a potion of mutation {unknown}
 A - 2 potions of attraction {unknown}
 C - 2 potions of curing


   Skills:
 - Level 1.6 Fighting
 - Level 3.2 Dodging
 - Level 1.7 Stealth
 - Level 3.3 Unarmed Combat
 + Level 3.2 Spellcasting
 + Level 3.4 Summonings
 - Level 5.1 Shapeshifting


You had 7 spell levels left.
You knew the following spells:

 Your Spells              Type           Power      Damage    Failure   Level
a - Summon Small Mammal   Summ           40%        N/A       6%          1
b - Summon Guardian Gole  Hex/Summ       6%         N/A       34%         3

Your spell library contained the following spells:

 Spells                   Type           Power      Damage    Failure   Level
 Call Canine Familiar     Summ           10%        N/A       17%         3
 Static Discharge         Conj/Air       2%         3-4/arc   36%         2
 Summon Lightning Spire   Summ/Air       6%         N/A       75%         4
 Airstrike                Air            0%         2d(1-17)  94%         4
 Conjure Ball Lightning   Conj/Air       0%         3x3d6     100%        6
 Discord                  Hex            0%         N/A       100%        8
 Disjunction              Tloc           0%         N/A       100%        8


Dungeon Overview and Level Annotations

Branches:
Dungeon (5/15)
 Temple: D:4-7

Altars:
Kikubaaqudgha

Shops:
D:1 [*


Innate Abilities, Weirdness & Mutations

You are a hulking beast.
Your limbs bulge with bestial killing power. (Slay +2)
You have sharp claws.
You have razor-sharp teeth.
You have supernaturally acute eyesight. (SInv)
You cover ground quickly. (Speed+)
You are covered in thick fur. (AC +2)
Your paws help you pounce on unaware monsters.
You are incapable of wielding weapons or throwing items.
You cannot wear armour.
You gain extra lives every three experience levels.


Message History

The hound is almost dead.
The hound barely misses you.
You claw the hound!
You kill the hound!
You see here a hound corpse.
i - 3 scrolls of identify (gained 1)
You open the door. You open the door.
There is an open door here.
You open the door.
There is an open door here.
You now have 229 gold pieces (gained 13).
You open the door.
There is an open door here.
You see here a +0 club.
Done exploring.
Done exploring.
There is a stone staircase leading down here.
You climb downwards.
There is a stone staircase leading up here.
You can't go down here!
A dart slug comes into view.
You pounce on the unaware helpless dart slug!
You mangle the dart slug!!
You kill the dart slug!
Found 6 stones.
Found 8 gold pieces.
You now have 237 gold pieces (gained 8).
An adder comes into view.
A centaur comes into view.
Found a scroll labelled HELOMO FAMIGI.
The centaur shouts!
You swing at nothing.
The centaur wields a +0 orcbow.
The centaur shoots an arrow.
The arrow closely misses you.
The centaur shoots an arrow.
The arrow hits you.
The centaur shoots an arrow.
The arrow hits you!
Ouch! That really hurt!
* * * LOW HITPOINT WARNING * * *
The centaur shoots an arrow.
The arrow hits you.
You die...

#.#####.#.# #.#.# #.#.#
#####.#.# #.......# ####
#.###.#### #.. #......
#.# # #...... ...#...#h#
#####.##.....#
...#...#.##..............
..c....#.##.#######......
.......#.##.# ##...###...
...S..?#.##.###.....#.###
.......#.#.....#...#...#
.......#.......#####...#
.......c.......#...#...#
####+###......#.....#.###


You could see a centaur.

Vanquished Creatures
  A phantom (D:4)
  A scorpion (D:4)
  A jelly (D:4)
  A hound (D:4)
  Ijyb (D:3)
  An iguana (D:4)
  An orc wizard (D:4)
  7 adders
  3 gnolls (D:4)
  A worm (D:4)
  5 dart slugs
  3 orcs
  3 ball pythons
  6 endoplasms
  3 giant cockroaches
  17 goblins
  4 hobgoblins
  12 jackals
  3 quokkas
  3 frilled lizards
  3 kobolds
  5 rats
85 creatures vanquished.

Notes
Turn   | Place    | Note
-------+----------+-------------------------------------------
     0 | D:1      | Azuregosa the Felid Shapeshifter began the quest for the
                  | Orb.
     0 | D:1      | Reached XP level 1. HP: 9/9 MP: 2/2
    79 | D:1      | Found Leiwump's General Store.
   144 | D:1      | Reached XP level 2. HP: 12/12 MP: 3/3
   157 | D:1      | Found Turaamaf's Armour Shoppe.
   173 | D:2      | Reached skill level 1 in Stealth
   756 | D:1      | Bought a potion of curing for 33 gold pieces
   756 | D:1      | Bought a scroll of identify for 22 gold pieces
   756 | D:1      | Bought a scroll of noise for 11 gold pieces
   777 | D:2      | Found an ancient bone altar of Kikubaaqudgha.
   812 | D:1      | Reached XP level 3. HP: 9/15 MP: 4/4
   898 | D:2      | Learned a level 1 spell: Summon Small Mammal
  1284 | D:2      | Reached XP level 4. HP: 17/19 MP: 4/6
  1890 | D:3      | Reached skill level 1 in Summonings
  1893 | D:3      | Reached skill level 1 in Spellcasting
  1896 | D:4      | Noticed a phantom
  2031 | D:4      | Reached skill level 4 in Shapeshifting
  2065 | D:3      | Slain by a phantom
  2428 | D:3      | Slain by a jackal
  2442 | D:3      | Reached XP level 5. HP: 21/22 MP: 8/8
  2558 | D:3      | Noticed Ijyb
  2580 | D:3      | Killed Ijyb
  3016 | D:4      | HP: 1/22 [scorpion (7)]
  3027 | D:4      | Gained mutation: You are covered in thick fur. (AC +2)
                  | [Felid growth]
  3027 | D:4      | Reached XP level 6. HP: 15/26 MP: 10/10
  3134 | D:4      | Learned a level 3 spell: Summon Guardian Golem
  3276 | D:4      | Reached skill level 5 in Shapeshifting
  3666 | D:5      | Entered Level 5 of the Dungeon
  3719 | D:5      | Shot with an arrow by a centaur

Illustrated notes

Levels and vault maps discovered:
D:1:      minmay_arrival_checkered_box, layout_loops_cross, serial_shops, shop,
          nicolae_shop_crystal, grunt_decor_fettered
D:2:      layout_loops_ring, basic_altar, minmay_misc_feat_more_columns
D:3:      kennysheep_goblin_castle, layout_basic
D:4:      layout_basic, portal_sewer_entry_d
D:5:      nicolae_cairo_tiling, layout_basic, gammafunk_temple_overflow_wave,
          minmay_temple_entry_hall, serial_curves, eino_curves_01,
          eino_curves_01, eino_curves_04, eino_curves_02, uniq_pikel

Skill      XL: |  1  2  3  4  5  6 |
---------------+-------------------+-----
Stealth        | 1 |  1.7
Dodging        | 3 |  3.2
Summonings     | 1 2 3 |  3.4
Spellcasting   | 1 2 3 |  3.2
Shapeshifting  | 4 5 |  5.1
Fighting       | |  1.6
Unarmed Combat | |  3.3

Action                     |  1- 3 |  4- 6 || total
---------------------------+-------+-------++-------
  Melee: Unarmed           |    73 |   176 ||   249
         Bite              |     4 |    13 ||    17
         Punch             |     2 |     5 ||     7
   Cast: Summon Small Mamm |     1 |     4 ||     5
    Use: Potion            |       |     2 ||     2
   Stab: Sleeping          |     6 |     8 ||    14
 Armour: Skin              |    17 |    75 ||    92
  Dodge: Dodged            |    55 |   162 ||   217

Table legend: (Time is in decaauts)
 A = Elapsed time spent in this place.
 B = Non-inter-level travel time spent in this place.
 C = Inter-level travel time spent in this place.
 D = Time resting spent in this place.
 E = Time spent auto-exploring this place.
 F = Levels seen in this place.
 G = Mean time per level.
                   A        B        C        D        E       F      G
               +--------+--------+--------+--------+--------+-----+--------+
         Total |   3152 |   2987 |    165 |    424 |   1519 |   5 |  630.4 |
       Dungeon |   3152 |   2987 |    165 |    424 |   1519 |   5 |  630.4 |
               +--------+--------+--------+--------+--------+-----+--------+

Top non-repeatable levels by time:
     D:4: 943 daAuts
     D:3: 839 daAuts
     D:2: 667 daAuts
     D:1: 659 daAuts
     D:5: 42 daAuts
